 Dungeon Crawl Stone Soup version 0.31-a0-177-g4aa6249778 (webtiles) character file.

Game seed: 13930973530433470625

35 mopl the Trooper (level 3, -1/29 HPs)
             Began as a Demonspawn Fighter on June 18, 2023.
             Slain by Terence
             ... wielding a +1 flail of protection
              (4 damage)
             ... on level 2 of the Dungeon.
             The game lasted 00:00:51 (977 turns).

mopl the Trooper (Demonspawn Fighter)                Turns: 977, Time: 00:00:52

Health: -1/29      AC:  6    Str: 18    XL:     3   Next: 17%
Magic:  3/3        EV: 14    Int:  9    God:
Gold:   58         SH:  4    Dex: 12    Spells: 2/2 levels left

rFire   . . .        a - +0 war axe
rCold   . . .        c - +0 buckler
rNeg    . . .        b - +0 scale mail
rPois   .            (no helmet)
rElec   .            (no cloak)
rCorr   .            (no gloves)
SInv    .            (no boots)
Will    .....        (no amulet) Stlth
                     h - +5 ring of evasion
HPRegen 0.24/turn    (no ring)
MPRegen 0.08/turn

%: no passive effects
@: no status effects
A: ignite blood 1, powered by death 1
a: no special abilities


You were on level 2 of the Dungeon.
You visited 1 branch of the dungeon, and saw 2 of its levels.

You collected 58 gold pieces.

Inventory:

Hand Weapons
 a - a +0 war axe (weapon)
Armour
 b - a +0 scale mail (worn)
 c - a +0 buckler (worn)
Jewellery
 h - a +5 ring of evasion (left hand)
Scrolls
 e - a scroll of butterflies {unknown}
 g - a scroll of identify {unknown}
 i - a scroll of silence {unknown}
 k - a scroll of torment {unknown}
Potions
 d - a potion of might
 f - a potion of ambrosia {unknown}
 j - a potion of brilliance {unknown}


   Skills:
 + Level 3.3 Fighting
 * Level 2.5 Axes
 + Level 3.0 Armour
 + Level 0.9 Dodging
 - Level 2.6 Shields


You had 2 spell levels left.
You didn't know any spells.
Your spell library contained the following spells:

 Spells                   Type           Power      Damage    Failure   Level
 Freeze                   Ice            0%         1d3       86%         1
 Frozen Ramparts          Ice            0%         1d1       99%         3
 Hailstorm                Conj/Ice       0%         3d3       99%         3


Dungeon Overview and Level Annotations

Branches:
Dungeon (2/15)

Altars:

Annotations:
D:2 Terence


Innate Abilities, Weirdness & Mutations

Your demonic aura sometimes causes spilled blood to erupt in flames.
You regenerate a little health from kills.


Message History

j - a cyan potion No target in view!
k - a scroll labelled VOCRIPS PEPLUOSH
Found a leather armour and 7 stones.
You see here 7 stones.
You now have 58 gold pieces (gained 5).
Terence the Incautious comes into view.
He is wielding a +1 flail of protection, wearing a +3 ring mail of fire resistance and carrying a wand of digging (6).
Terence shouts!
Terence is nearby!
Terence zaps a wand.
Some rock shatters into small pieces.
A ball python comes into view.
You block Terence's attack.
You closely miss Terence.
Terence hits you with a +1 flail of protection!
You block Terence's attack.
You hit Terence but do no damage. You barely miss the ball python.
The ball python closely misses you. The ball python grabs you.
The ball python constricts you.
Terence hits you with a +1 flail of protection!
The ball python bites you. The ball python constricts you.
You are too injured to fight recklessly!
Unknown command.
Unknown command.
You escape the ball python's grasp.
Terence zaps a wand.
Some rock shatters into small pieces.
You hit the ball python.
You kill the ball python!
You hit Terence but do no damage.
Terence hits you with a +1 flail of protection.
You closely miss Terence.
Terence shouts, "Get ready for death!"
Terence hits you with a +1 flail of protection.
* * * LOW HITPOINT WARNING * * *
You barely miss Terence.
Terence hits you with a +1 flail of protection.
* * * LOW HITPOINT WARNING * * *
Terence misses you.
You barely miss Terence.
Terence hits you with a +1 flail of protection.
You die...

......####.#(#####.#.##
##.......[[#.# ##.##
##.#.#.......# #.#
...#.#.###...# #.#
.#.#.#.###...######.#
.#.#....##.......##.#
.#.#.........###.##.###
....#...##...# #.##.#.#
...............#@##..#
...............#@##.##
.#..##.#.......#.#...##
.#..##.###....##......####
.#..##.# #....##.........#
.#..##.# #.#..#..#.#####.#
......# #....#.# # .....
.# #.....#.# ....
#.#..#.#.#


You could see Terence.

Vanquished Creatures
  An adder (D:2)
  2 ball pythons
  2 endoplasms (D:1)
  2 giant cockroaches (D:1)
  A goblin (D:1)
  4 jackals (D:1)
  13 frilled lizards (D:1)
  2 kobolds (D:1)
  A rat (D:1)
28 creatures vanquished.

Notes
Turn   | Place    | Note
-------+----------+-------------------------------------------
     0 | D:1      | mopl the Demonspawn Fighter began the quest for the Orb.
     0 | D:1      | Reached XP level 1. HP: 18/18 MP: 1/1
   140 | D:1      | Reached skill level 2 in Axes
   157 | D:1      | Gained mutation: Your demonic aura sometimes causes spilled
                  | blood to erupt in flames. [demonic ancestry]
   157 | D:1      | Reached XP level 2. HP: 15/24 MP: 2/2
   885 | D:2      | Reached skill level 3 in Armour
   885 | D:2      | Gained mutation: You regenerate a little health from kills.
                  | [demonic ancestry]
   885 | D:2      | Reached XP level 3. HP: 23/29 MP: 3/3
   960 | D:2      | Noticed Terence
   977 | D:2      | Slain by Terence

Illustrated notes

Levels and vault maps discovered:
D:1:      dpeg_arrival_central, layout_basic, minivault_23, minmay_lizard_king
D:2:      layout_loops_ring, hellmonk_ecumenical_altar_heavens_door,
          serial_shops, shop_statue, nicolae_shop_tiny_real_fake_doors,
          nicolae_shop_tiny_waterfront, shop, nicolae_shop_rolled_up,
          minmay_circle_x, uniq_terence

Skill      XL: |  1  2 |
---------------+-------+-----
Axes           | 2 |  2.5
Armour         | 3 |  3.0
Fighting       | |  3.3
Dodging        | |  0.9
Shields        | |  2.6

Action                     || total
---------------------------++-------
  Melee: War axe           ||    54
 Armour: Scale mail        ||    29
  Dodge: Dodged            ||    35
  Block: Buckler           ||    14

Table legend: (Time is in decaauts)
 A = Elapsed time spent in this place.
 B = Non-inter-level travel time spent in this place.
 C = Inter-level travel time spent in this place.
 D = Time resting spent in this place.
 E = Time spent auto-exploring this place.
 F = Levels seen in this place.
 G = Mean time per level.
                   A        B        C        D        E       F      G
               +--------+--------+--------+--------+--------+-----+--------+
         Total |    998 |    946 |     52 |      0 |    803 |   2 |  499.0 |
       Dungeon |    998 |    946 |     52 |      0 |    803 |   2 |  499.0 |
               +--------+--------+--------+--------+--------+-----+--------+

Top non-repeatable levels by time:
     D:1: 886 daAuts
     D:2: 111 daAuts
